Map: Ephemeron LE

Players

Vindicta - Winner!

  • Race: Terran Terran
  • Spawn Location: 5:00

InZaNe

  • Race: Terran Terran
  • Spawn Location: 11:00

Event: IEM Katowice 2020

VOD

Have the link to the VOD?

Description

Time

  • Played on: Feb. 25, 2020, 10:39 a.m.
  • Length: 15:21

All games in this series

Show
View Real Time Build Order
Export as new Build Order

Vindicta Terran - Winner!

Build Orders: 1/1/1 

Get SALT Encoding   

  12  0:00  SCV  
  13  0:12  SCV  
  14  0:17  Supply Depot  
  14  0:25  SCV  
  15  0:28  Refinery  
  15  0:39  SCV  
  16  0:45  Barracks  
  16  0:51  SCV  
  16  0:56  Refinery  
  17  1:03  SCV  
  18  1:15  SCV  
  19  1:33  Barracks Reactor, Orbital Command  
  19  1:40  Factory  
  19  1:51  Supply Depot  
  19  1:59  SCV  
  20  2:09  Reaper x2  
  20  2:11  SCV  
  23  2:24  Hellion  
  23  2:28  Starport  
  25  2:33  SCV  
  26  2:38  Supply Depot  
  26  2:41  Reaper  
  27  2:44  Reaper  
  27  2:51  Hellion  
  30  2:56  SCV  
  31  3:05  Medivac  
  33  3:10  SCV, Supply Depot  
  34  3:15  Hellion  
  34  3:18  Reaper  
  37  3:20  Reaper  
  39  3:39  Factory Tech Lab  
  38  3:50  Marine  
  38  3:52  Marine  
  38  3:53  Command Center  
  40  4:01  Siege Tank  
  43  4:10  Supply Depot  
  43  4:14  SCV, Marine  
  45  4:18  Marine  
  44  4:27  SCV  
  45  4:33  Siege Tank  
  45  4:34  Medivac  
  50  4:42  Marine  
  49  4:50  SCV  
  49  4:51  Marine  
  49  5:00  Marine  
  49  5:01  Command Center  
  49  5:03  SCV  
  51  5:10  Orbital Command  
  51  5:12  Marine  
  52  5:17  SCV  
  52  5:21  Starport Tech Lab, Marine  
  53  5:27  Siege Tank  
  57  5:30  Marine  
  57  5:35  SCV  
  59  5:36  SCV  
  59  5:40  Raven  
  62  5:47  SCV  
  62  5:48  SCV  
  64  5:52  Refinery  
  64  5:53  Refinery  
  64  5:56  Marine  
  65  5:59  SCV  
  65  6:00  SCV  
  66  6:07  Barracks x2  
  66  6:11  SCV  
  66  6:12  SCV  
  66  6:13  Siege Tank  
  72  6:19  Orbital Command  
  72  6:24  SCV  
  68  6:30  SCV  
  63  6:36  SCV  
  64  6:40  Starport Reactor  
  64  6:41  Stimpack, Engineering Bay x2  
  64  6:42  SCV  
  62  6:48  SCV, Orbital Command  
  62  6:50  Marine, Siege Tank  
  67  6:55  SCV  
  67  6:58  Barracks Tech Lab  
  67  7:00  SCV  
  69  7:07  SCV  
  70  7:10  Terran Infantry Weapons Level 1, Terran Infantry Armor Level 1  
  70  7:12  SCV  
  70  7:13  Marine x2  
  70  7:14  SCV  
  76  7:16  Medivac x2  
  76  7:19  SCV  
  76  7:21  Supply Depot  
  81  7:23  Supply Depot  
  81  7:24  SCV  
  81  7:26  SCV, Siege Tank  
  85  7:37  SCV  
  85  7:38  Barracks  
  85  7:39  Barracks  
  85  7:40  Supply Depot  
  85  7:42  Missile Turret  
  85  7:43  Missile Turret  
  81  7:44  Marine  
  81  7:46  SCV  
  81  7:48  SCV  
  81  7:49  SCV, Medivac  
  84  7:53  Combat Shield  
  84  7:57  Marine  
  84  7:58  SCV  
  84  8:00  SCV, Marine  
  84  8:02  SCV  
  87  8:10  SCV  
  87  8:11  Medivac, Missile Turret  
  87  8:12  SCV  
  89  8:14  SCV  
  89  8:19  Medivac  
  90  8:22  SCV, Supply Depot  
  90  8:24  SCV  
  90  8:25  Siege Tank  
  90  8:26  SCV  
  96  8:27  Barracks Reactor, Barracks Tech Lab  
  96  8:33  Refinery  
  96  8:34  SCV  
  96  8:35  Refinery  
  96  8:36  SCV  
  96  8:37  Marauder  
  96  8:38  SCV  
  96  8:39  Marauder  
  103  8:46  SCV  
  104  8:48  SCV  
  104  8:54  SCV  
  96  8:56  Concussive Shells  
  96  8:57  Siege Tank  
  96  8:58  SCV  
  96  9:01  SCV  
  99  9:03  Armory, Marauder x2  
  99  9:04  Supply Depot  
  99  9:07  SCV, Marauder  
  105  9:10  SCV  
  105  9:13  SCV  
  105  9:14  Marine x2  
  107  9:19  SCV  
  107  9:22  SCV  
  107  9:23  Marine x2  
  106  9:24  Marauder x2  
  106  9:29  Marauder  
  117  9:32  Marine  
  117  9:33  Supply Depot x2  
  117  9:34  Siege Tank  
  117  9:37  SCV x2  
  122  9:39  Viking x2  
  122  9:46  Marauder x2  
  122  9:50  Supply Depot  
  124  9:58  Marine x2  
  124  9:59  Marauder, Marine x2  
  129  10:06  Siege Tank  
  129  10:07  Marauder  
  129  10:08  Marauder  
  129  10:09  Viking x2  
  129  10:13  SCV  
  138  10:15  Marine  
  138  10:16  Marine x2  
  138  10:17  Marine  
  138  10:20  Marauder  
  142  10:26  Supply Depot  
  142  10:30  Supply Depot  
  135  10:44  Terran Infantry Armor Level 2, Terran Infantry Weapons Level 2  
  135  10:46  Supply Depot  
  135  10:47  Supply Depot  
  135  10:52  Viking, Siege Tank  
  135  10:55  Supply Depot  
  135  10:57  Marauder, Marine  
  141  11:03  Marine x2  
  141  11:04  Marine  
  142  11:09  SCV  
  137  11:12  SCV  
  137  11:16  Marine  
  140  11:20  Marauder  
  137  11:25  SCV x2  
  137  11:32  Marine  
  142  11:36  Marauder  
  142  11:37  Viking, Liberator  
  143  11:41  Marine  
  143  11:42  Marauder  
  143  11:44  Orbital Command  
  146  11:49  Marauder  
  148  11:55  SCV  
  148  11:58  Marauder  
  151  12:06  Marauder  
  152  12:10  Viking, Marauder  
  156  12:18  Marine  
  156  12:20  Viking  
  163  12:33  Supply Depot  
  163  12:35  Supply Depot  
  160  12:39  Marauder  
  160  12:42  Marauder  
  160  12:43  Marauder  
  160  12:44  SCV  
  165  12:47  Liberator  
  168  12:53  Medivac  
  168  12:56  Supply Depot, Marine  
  171  13:01  Marauder  
  171  13:03  Marine  
  171  13:04  Marauder x2  
  155  13:22  Marauder, Marine  
  155  13:23  Liberator  
  155  13:26  Marine  
  155  13:27  Marine  
  155  13:30  Medivac, Siege Tank  
  155  13:31  Armory, Command Center, Marine  
  156  13:34  Marine  
  156  13:35  Marauder  
  159  13:41  Marine  
  159  13:43  Marauder  
  159  13:48  Marine  
  159  13:52  Marine x2  
  159  13:53  Marauder  
  158  13:56  Marauder  
  158  13:59  Marine  
  158  14:00  Medivac  
  163  14:03  Siege Tank  
  163  14:05  Marauder  
  163  14:06  Marine  
  169  14:10  Marine x2  
  169  14:14  Marauder  
  173  14:17  Marine  
  173  14:18  Marauder  
  173  14:20  SCV  
  178  14:26  Marauder  
  178  14:27  SCV  
  180  14:31  Marine  
  180  14:32  Marine  
  180  14:35  SCV x2  
  180  14:36  Marine  
  185  14:39  SCV  
  186  14:51  Marine  
  186  14:52  Marauder  
  167  14:54  Marine  
  167  14:55  Marauder, Marine  
  167  14:56  Marine  
  169  15:01  SCV  
  169  15:02  Marine  
Show
View Real Time Build Order
Export as new Build Order

InZaNe Terran 

Build Orders: Mech 

Get SALT Encoding   

  12  0:00  SCV  
  13  0:12  SCV  
  14  0:17  Supply Depot  
  14  0:25  SCV  
  15  0:30  Refinery  
  15  0:39  SCV  
  16  0:44  Barracks  
  16  0:51  SCV  
  16  0:55  Refinery  
  17  1:03  SCV  
  18  1:15  SCV  
  19  1:31  Reaper, Orbital Command  
  20  1:34  Factory  
  20  1:45  Supply Depot  
  20  1:56  SCV  
  21  2:03  Reaper  
  22  2:08  SCV  
  23  2:19  Hellion  
  23  2:20  SCV  
  26  2:31  Command Center  
  26  2:33  SCV  
  26  2:36  Reaper  
  28  2:41  Hellion  
  30  2:47  Supply Depot  
  30  2:49  SCV  
  31  2:59  Starport  
  31  3:04  Factory Tech Lab  
  31  3:08  SCV, Barracks Tech Lab  
  32  3:21  SCV  
  32  3:23  Cyclone  
  36  3:33  SCV, Refinery  
  37  3:43  Orbital Command  
  37  3:44  Raven  
  37  3:45  SCV  
  40  3:51  Refinery  
  40  3:54  Marine  
  41  3:56  Cyclone  
  44  4:03  Mag-Field Accelerator  
  42  4:28  Cyclone  
  45  4:33  SCV x2  
  46  4:47  SCV x2  
  45  4:59  Command Center  
  46  5:00  SCV  
  46  5:03  Supply Depot  
  46  5:13  SCV, Raven, Cyclone  
  52  5:16  SCV  
  53  5:23  Supply Depot  
  53  5:25  SCV  
  53  5:28  SCV  
  55  5:37  SCV  
  55  5:40  SCV  
  57  5:45  Factory  
  57  5:46  Factory, Siege Tank  
  57  5:49  SCV  
  61  5:52  SCV  
  62  5:57  Banshee  
  65  6:10  Factory  
  61  6:18  Barracks Reactor  
  58  6:30  Factory Tech Lab  
  58  6:31  Factory Tech Lab  
  58  6:32  Orbital Command  
  48  6:34  SCV  
  49  6:41  SCV  
  49  6:46  SCV  
  51  6:49  Siege Tank  
  51  6:51  Siege Tank  
  51  6:53  SCV  
  58  6:55  Engineering Bay  
  58  6:57  Starport Reactor  
  58  6:58  SCV  
  59  7:03  Hellion x2  
  59  7:04  Orbital Command  
  59  7:05  SCV  
  64  7:10  SCV  
  64  7:12  Armory  
  65  7:18  SCV  
  65  7:22  SCV  
  67  7:25  Hellion x2, Siege Tank x2  
  67  7:28  Missile Turret  
  67  7:29  Missile Turret  
  76  7:30  SCV x2  
  76  7:34  SCV  
  76  7:35  Missile Turret x2  
  79  7:39  Missile Turret  
  79  7:41  Viking  
  79  7:42  SCV  
  66  7:44  Viking  
  84  7:52  Hellion  
  84  7:58  Supply Depot x2  
  85  8:07  Hellion, Siege Tank x2  
  93  8:13  Supply Depot  
  93  8:14  Supply Depot  
  93  8:19  SCV x3, Hellion  
  95  8:31  SCV x3, Factory  
  95  8:33  Factory  
  98  8:35  Refinery  
  98  8:36  Refinery  
  98  8:40  Sensor Tower  
  98  8:43  SCV x2  
  98  8:44  SCV  
  101  8:50  Barracks Reactor  
  101  8:51  Viking x2  
  101  8:54  Siege Tank  
  103  8:55  SCV x2  
  103  8:58  Hellion x2  
  103  9:01  SCV  
  110  9:04  Siege Tank  
  110  9:08  SCV x2  
  108  9:23  Factory Tech Lab  
  110  9:24  Hellion x2, Factory Reactor  
  110  9:26  Siege Tank  
  110  9:27  Viking x2  
  119  9:32  Terran Vehicle Weapons Level 1  
  119  9:39  SCV x2  
  119  9:48  Siege Tank x2  
  119  9:49  Hellion x2  
  129  9:53  Supply Depot x2  
  129  9:54  Supply Depot  
  122  10:03  Viking x2  
  123  10:09  Hellion x2  
  123  10:22  Hellion, Siege Tank x2  
  123  10:23  Hellion x2  
  135  10:33  Viking x2  
  139  10:38  Hellion  
  139  10:39  Hellion  
  141  10:44  Hellion x2, Siege Tank  
  146  11:00  Siege Tank x2  
  146  11:03  Viking x2  
  154  11:09  Hellion x2  
  156  11:11  Command Center  
  156  11:25  Hellion x2  
  158  11:30  Hellion  
  160  11:33  Viking x2  
  164  11:40  Missile Turret x2  
  164  11:41  SCV, Infernal Pre-Igniter  
  163  11:52  Terran Vehicle Weapons Level 2  
  163  11:54  Factory  
  163  11:55  Factory  
  151  12:01  Command Center  
  151  12:04  Siege Tank  
  151  12:11  Viking x2  
  149  12:20  Thor  
  151  12:34  Hellion x4  
  159  12:37  Siege Tank x2  
  159  12:43  SCV x3  
  159  12:44  Missile Turret  
  168  12:55  SCV  
  169  12:59  Factory Tech Lab  
  169  13:00  Factory Tech Lab  
  169  13:02  Hellion x4  
  169  13:03  Siege Tank  
  180  13:13  Hellion, Siege Tank  
  139  13:20  Siege Tank x2  
  122  13:34  Hellion x3, Siege Tank  
  122  13:51  Siege Tank x2  
  122  13:52  Siege Tank  
  123  13:59  Hellion x3  
  123  14:00  Viking x2  
  130  14:05  Siege Tank  
  133  14:19  Hellion  
  133  14:20  Siege Tank  
  133  14:23  Siege Tank  
  129  14:27  Siege Tank  
  129  14:30  Viking x2  
  110  14:57  Hellion x3  
  110  14:58  Hellion x3  

Tags
 
Composition
Mech
Matchup
TvT
Opening
1/1/1
Race
Terran
Spawn Locations
Cross Positions
Add a new tag
Caveats
  • Supply blocks, unpowered buildings, or Contaminate may cause inaccurate times.
  • Supply counts are checked every 10 seconds.